 Dungeon Crawl Stone Soup version 0.19.5 (webtiles) character file.

51 equalderp2856 the Scratcher (level 3, 0/17 HPs)
             Began as a Felid Fighter on Mar 20, 2017.
             Slain by an orc (1 damage)
             ... on level 3 of the Dungeon.
             The game lasted 00:06:21 (1964 turns).

equalderp2856 the Scratcher (Felid Fighter)         Turns: 1964, Time: 00:06:22

Health: 0/17       AC:  1    Str: 13    XL:     3   Next: 57%
Magic:  4/4        EV: 25    Int:  9    God:
Gold:   126        SH:  0    Dex: 20    Spells: 0 memorised, 2 levels left
                                        Lives:  0   Deaths: 0

rFire  . . .     SeeInvis +       - Unarmed
rCold  . . .     Gourm    .     (armour unavailable)
rNeg   . . .     Faith    .     (shield unavailable)
rPois  .         Spirit   .     (helmet unavailable)
rElec  .         Reflect  .     (cloak unavailable)
rCorr  .         Harm     .     (gloves unavailable)
MR     .....                    (boots unavailable)
Stlth  ++++......               h - amulet of magic regeneration
                                (no ring)
                                (no ring)

@: agile, quick
A: no armour, no weapons or thrown items, stealth, claws 1, fangs 3, see
invisible, carnivore 3, speed 1, shaggy fur 1, slow metabolism 1, sharp paws
a: no special abilities


You were on level 3 of the Dungeon.
You were very full.

You visited 1 branch of the dungeon, and saw 3 of its levels.

You collected 126 gold pieces.

Inventory:

Jewellery
 h - an amulet of magic regeneration (around neck)
Scrolls
 c - a scroll of enchant armour {unknown}
 e - 2 scrolls of teleportation {unknown}
 i - a scroll of blinking {unknown}
 k - a scroll of immolation {unknown}
 l - 2 scrolls of identify {unknown}
Potions
 a - a potion of might
 f - a potion of degeneration {unknown}
 g - a potion of curing {unknown}
 j - a potion of lignification {unknown}
 n - a potion of cancellation {unknown}
 o - a potion of mutation {unknown}
Comestibles
 b - 3 meat rations
 d - a slice of pizza


   Skills:
 + Level 3.1 Fighting
 + Level 4.5 Dodging
 + Level 1.7 Stealth
 + Level 4.8 Unarmed Combat


You had 2 spell levels left.
You didn't know any spells.

Dungeon Overview and Level Annotations

Branches:
Dungeon (3/15)

Altars:
Fedhas

Annotations:
D:3 Shoikan's ghost, amateur MiBe


Innate Abilities, Weirdness & Mutations

You cannot wear armour.
You are incapable of wielding weapons or throwing items.
Your paws allow you to move quietly. (Stealth)
You have sharp claws.
You have razor-sharp teeth.
You have supernaturally acute eyesight. (SInv)
You are carnivorous and can eat meat at any time.
You cover ground quickly.
You are covered in fur. (AC +1)
You have a slow metabolism.
Your sharp claws are effective at attacking unaware monsters.


Message History

The orc wizard hits you with a dagger. The orc misses you.
You scratch the orc.
The orc is heavily wounded.
The orc wizard completely misses you. The orc misses you.
You scratch the orc but do no damage.
The orc is heavily wounded.
The orc wizard barely misses you.
You scratch the orc. You claw the orc, but do no damage.
The orc is almost dead.
The orc completely misses you.
The orc wizard gestures at you while chanting.
The magic dart hits you!
* * * LOW HITPOINT WARNING * * *
Okay, then.
Okay, then.
Okay, then.
It was a potion of agility.
You feel agile all of a sudden. The orc hits you.
You die...

. ##.. ..# #...
S...## ###.# #...###
###...#
#...#######.....#####
#...........##.......
##.#.#####.###.######
.####.#o# #.....# .
...%..o@# #####.# ##
......### #.# ......
..# #####. ### #.


You could see an orc wizard (invisible) and an orc.

Vanquished Creatures
  2 adders (D:2)
  A leopard gecko (D:3)
  2 orcs (D:3)
  2 ball pythons
  3 bats (D:2)
  3 giant cockroaches (D:1)
  2 goblins (D:2)
  4 hobgoblins
  2 frilled lizards (D:2)
  3 kobolds (D:2)
  7 rats
31 creatures vanquished.

Notes
Turn   | Place    | Note
-------+----------+-------------------------------------------
     0 | D:1      | equalderp2856 the Felid Fighter began the quest for the Orb.
     0 | D:1      | Reached XP level 1. HP: 10/10 MP: 2/2
   672 | D:1      | Reached XP level 2. HP: 11/14 MP: 3/3
  1012 | D:2      | Reached skill level 1 in Stealth
  1123 | D:2      | Found a blossoming altar of Fedhas.
  1275 | D:2      | Reached XP level 3. HP: 12/17 MP: 4/4
  1749 | D:3      | Noticed Shoikan's ghost (amateur MiBe)
  1964 | D:3      | Slain by an orc

Skill      XL: |  1  2 |
---------------+-------+-----
Stealth        | 1 |  1.7
Fighting       | |  3.1
Dodging        | |  4.5
Unarmed Combat | |  4.8

Action                   || total
-------------------------++-------
Melee: Unarmed           ||    74
       Bite              ||     3
       Punch             ||     3
  Use: Potion            ||     1
 Stab: Sleeping          ||     6
  Eat: Chunk             ||     8
Armor: Skin              ||     2
Dodge: Dodged            ||    75
